CAL (WIN)
INLAND EMPIRE 66ERS @ BAKERSFIELD BLAZE
11/29/2045
 
TOP OF THE 1ST
Inland Empire 66ers batting - Pitching for Bakersfield Blaze : RHP Luis Castro
Pitching: RHP Luis Castro
Batting: LHB Justin Alexander 0-0: Ball
1-0: Fly out, F9 (Flyball, 89M, EV 91.9 MPH)
Batting: RHB Ryan Munro 0-0: Ball
1-0: Ground out U3 (Groundball, 34, EV 88.8 MPH)
Batting: RHB Oren Jones 0-0: Called Strike
0-1: Fly out, F7 (Flyball, 78M, EV 76.2 MPH)
Top of the 1st over - 0 runs, 0 hits, 0 errors, 0 left on base; Inland Empire 0 - Bakersfield 0
BOTTOM OF THE 1ST
Bakersfield Blaze batting - Pitching for Inland Empire 66ers : RHP Josh Brewer
Pitching: RHP Josh Brewer
Batting: RHB Kikuo Sato 0-0: Called Strike
0-1: Foul Ball, location: 2F
0-2: Ground out 6-3 (Groundball, 56, EV 84.4 MPH)
Batting: RHB Enrique Valdez 0-0: Ball
1-0: Ball
2-0: Foul Ball, location: 2F
2-1: Ball
3-1: Called Strike
3-2: Base on Balls
Batting: LHB Taki Matsui 0-0: Called Strike
Enrique Valdez is caught stealing 2nd base 2-6
0-1: Foul Ball, location: 2F
0-2: Foul Ball, location: 2F
0-2: Foul Ball, location: 2F
0-2: Foul Ball, location: 2F
0-2: Fly out, F6 (Popup, 6M, EV 51.2 MPH)
Bottom of the 1st over - 0 runs, 0 hits, 0 errors, 0 left on base; Inland Empire 0 - Bakersfield 0
TOP OF THE 2ND
Inland Empire 66ers batting - Pitching for Bakersfield Blaze : RHP Luis Castro
Batting: SHB Mario Padron 0-0: Ball
1-0: Ball
2-0: Ball
3-0: Base on Balls
Batting: RHB Ryuji Ito 0-0: Swinging Strike
0-1: Foul Ball, location: 2F
0-2: Ball
1-2: TRIPLE (Line Drive, 8LXD, EV 112.5 MPH)
Mario Padron scores
Batting: LHB Griffin Ferris 0-0: Foul Ball, location: 2F
0-1: Ball
1-1: Ball
2-1: Ball
3-1: Foul Ball, location: 2F
3-2: Ground out U3 (Groundball, 3, EV 84.4 MPH)
Batting: RHB Timoleon Tsikouna 0-0: Fly out, F4 (Popup, 4MD, EV 64.4 MPH)
Batting: LHB Mark Reeg 0-0: Fly out, F5 (Line Drive, 56, EV 71.2 MPH)
Top of the 2nd over - 1 run, 1 hit, 0 errors, 1 left on base; Inland Empire 1 - Bakersfield 0
BOTTOM OF THE 2ND
Bakersfield Blaze batting - Pitching for Inland Empire 66ers : RHP Josh Brewer
Batting: SHB Detlef Oursler 0-0: Ball
1-0: Ball
2-0: Ball
3-0: Base on Balls
Batting: RHB Jose Zuniga 0-0: Called Strike
0-1: Grounds into double play, 6-4-3 (Groundball, 6, EV 86.9 MPH)
Batting: LHB Chris Jackson 0-0: Foul Ball, location: 2F
0-1: Ball
1-1: Ball
2-1: Ball
3-1: Foul Ball, location: 2F
3-2: SINGLE (Line Drive, 9S, EV 103.1 MPH)
Batting: RHB Jim Begger 0-0: Ball
1-0: Called Strike
Chris Jackson is caught stealing 2nd base 2-4
Bottom of the 2nd over - 0 runs, 1 hit, 0 errors, 0 left on base; Inland Empire 1 - Bakersfield 0
TOP OF THE 3RD
Inland Empire 66ers batting - Pitching for Bakersfield Blaze : RHP Luis Castro
Batting: RHB Dean LeCroy 0-0: Ball
1-0: Ball
2-0: Swinging Strike
2-1: Foul Ball, location: 2F
2-2: Foul Ball, location: 2F
2-2: Ball
3-2: Foul Ball, location: 2F
3-2: Ground out 6-3 (Groundball, 6S, EV 85.6 MPH)
Batting: LHB Justin Alexander 0-0: Reached on error, E4 (Groundball, 4, EV 87.5 MPH)
Batting: RHB Ryan Munro 0-0: Ball
Justin Alexander steals 2nd, throwing error, E2
Justin Alexander to third
1-0: Ball
2-0: Called Strike
2-1: 2-RUN HOME RUN (Flyball, 7D, EV 108.8 MPH), Distance : 414 ft
Batting: RHB Oren Jones 0-0: Ground out 6-3 (Groundball, 6MD, EV 80.0 MPH)
Batting: SHB Mario Padron 0-0: Foul Ball, location: 2F
0-1: Ball
1-1: Foul Ball, location: 2F
1-2: Ball
2-2: Ball
3-2: Strikes out swinging
Top of the 3rd over - 2 runs, 1 hit, 2 errors, 0 left on base; Inland Empire 3 - Bakersfield 0
BOTTOM OF THE 3RD
Bakersfield Blaze batting - Pitching for Inland Empire 66ers : RHP Josh Brewer
Batting: RHB Jim Begger 0-0: Ball
1-0: Ball
2-0: Called Strike
2-1: Ground out 6-3 (Groundball, 6, EV 83.1 MPH)
Batting: SHB Raghnall Ahearne 0-0: Foul Ball, location: 2F
0-1: Ball
1-1: SINGLE (Groundball, 6M, EV 101.9 MPH) (infield hit)
Batting: RHB Victor Ramirez 0-0: Ball
1-0: Ball
Raghnall Ahearne steals 2nd base
2-0: Called Strike
2-1: Ground out 6-3 (Groundball, 6, EV 88.8 MPH)
Raghnall Ahearne to third
Batting: RHB Kikuo Sato 0-0: Fly out, F9 (Flyball, 9S, EV 89.4 MPH)
Bottom of the 3rd over - 0 runs, 1 hit, 0 errors, 1 left on base; Inland Empire 3 - Bakersfield 0
TOP OF THE 4TH
Inland Empire 66ers batting - Pitching for Bakersfield Blaze : RHP Luis Castro
Batting: RHB Ryuji Ito 0-0: Ball
1-0: Ball
2-0: Called Strike
2-1: Called Strike
2-2: Strikes out swinging
Batting: LHB Griffin Ferris 0-0: Ball
1-0: Ball
2-0: Foul Ball, location: 2F
2-1: Ball
3-1: Foul Ball, location: 2F
3-2: Foul Ball, location: 2F
3-2: Base on Balls
Batting: RHB Timoleon Tsikouna 0-0: Called Strike
0-1: Foul Ball, location: 2F
0-2: Ball
1-2: Ball
2-2: Ball
3-2: Strikes out swinging
Batting: LHB Mark Reeg 0-0: Ball
1-0: Swinging Strike
1-1: Ball
2-1: Called Strike
2-2: Ball
3-2: Foul Ball, location: 2F
3-2: Strikes out looking
Top of the 4th over - 0 runs, 0 hits, 0 errors, 1 left on base; Inland Empire 3 - Bakersfield 0
BOTTOM OF THE 4TH
Bakersfield Blaze batting - Pitching for Inland Empire 66ers : RHP Josh Brewer
Batting: RHB Enrique Valdez 0-0: Foul Ball, location: 2F
0-1: DOUBLE (Flyball, 78D, EV 112.5 MPH)
Batting: LHB Taki Matsui 0-0: Ball
1-0: Foul Ball, location: 2F
1-1: Ball
2-1: Swinging Strike
2-2: Fly out, F7 (Flyball, 7LS, EV 88.8 MPH)
Batting: SHB Detlef Oursler 0-0: Ball
1-0: SINGLE (Groundball, 4MD, EV 99.4 MPH)
Enrique Valdez to third
Runner from 3rd tries for Home, SAFE, throw by CF to home
Batting: RHB Jose Zuniga 0-0: Called Strike
Detlef Oursler steals 2nd base
0-1: Foul Ball, location: 2F
0-2: Ground out 5-3 (Groundball, 56, EV 78.1 MPH)
Batting: LHB Chris Jackson 0-0: Swinging Strike
0-1: Ball
1-1: Swinging Strike
1-2: Strikes out looking
Bottom of the 4th over - 1 run, 2 hits, 0 errors, 1 left on base; Inland Empire 3 - Bakersfield 1
TOP OF THE 5TH
Inland Empire 66ers batting - Pitching for Bakersfield Blaze : RHP Luis Castro
Batting: RHB Dean LeCroy 0-0: Called Strike
0-1: SINGLE (Flyball, 56D, EV 88.8 MPH)
Batting: LHB Justin Alexander 0-0: Ball
Dean LeCroy is caught stealing 2nd base 2-6
1-0: Ball
2-0: Ball
3-0: Base on Balls
Batting: RHB Ryan Munro 0-0: Ball
1-0: Ball
Justin Alexander is caught stealing 2nd base 2-4
2-0: Ball
3-0: Called Strike
3-1: Base on Balls
Batting: RHB Oren Jones 0-0: Ball
1-0: Ball
2-0: Ball
3-0: Called Strike
3-1: Foul Ball, location: 2F
3-2: Foul Ball, location: 2F
3-2: Base on Balls
Ryan Munro to second
Pitching: LHP Rentaro Minami
Batting: SHB Mario Padron 0-0: Foul Ball, location: 2F
0-1: Ground out 6-3 (Groundball, 6S, EV 82.5 MPH)
Top of the 5th over - 0 runs, 1 hit, 0 errors, 2 left on base; Inland Empire 3 - Bakersfield 1
BOTTOM OF THE 5TH
Bakersfield Blaze batting - Pitching for Inland Empire 66ers : RHP Josh Brewer
Batting: RHB Jim Begger 0-0: Ball
1-0: Ball
2-0: Ground out 1-3 (Groundball, 13S, EV 70.6 MPH)
Batting: SHB Raghnall Ahearne 0-0: Called Strike
0-1: Foul Ball, location: 2F
0-2: Ball
1-2: Fly out, F9 (Line Drive, 89M, EV 108.8 MPH)
Batting: RHB Victor Ramirez 0-0: Swinging Strike
0-1: Foul Ball, location: 2F
0-2: Foul Ball, location: 2F
0-2: Strikes out looking
Bottom of the 5th over - 0 runs, 0 hits, 0 errors, 0 left on base; Inland Empire 3 - Bakersfield 1
TOP OF THE 6TH
Inland Empire 66ers batting - Pitching for Bakersfield Blaze : LHP Rentaro Minami
Batting: RHB Ryuji Ito 0-0: Ball
1-0: Fly out, F8 (Flyball, 8RM, EV 91.9 MPH)
Batting: LHB Griffin Ferris 0-0: Ball
1-0: Foul Ball, location: 2F
1-1: Swinging Strike
1-2: Foul Ball, location: 2F
1-2: Strikes out swinging
Batting: RHB Timoleon Tsikouna 0-0: Foul Ball, location: 2F
0-1: Ball
1-1: Ball
2-1: Foul Ball, location: 2F
2-2: Foul Ball, location: 2F
2-2: Strikes out looking
Top of the 6th over - 0 runs, 0 hits, 0 errors, 0 left on base; Inland Empire 3 - Bakersfield 1
BOTTOM OF THE 6TH
Bakersfield Blaze batting - Pitching for Inland Empire 66ers : RHP Josh Brewer
Batting: RHB Kikuo Sato 0-0: Ball
1-0: Ball
2-0: Fly out, F8 (Line Drive, 8RD, EV 95.6 MPH)
Batting: RHB Enrique Valdez 0-0: Ball
1-0: Ball
2-0: Called Strike
2-1: Ball
3-1: Ground out 6-3 (Groundball, 56, EV 104.4 MPH)
Batting: LHB Taki Matsui 0-0: Called Strike
0-1: Ball
1-1: Ground out 6-3 (Groundball, 4, EV 102.5 MPH)
Bottom of the 6th over - 0 runs, 0 hits, 0 errors, 0 left on base; Inland Empire 3 - Bakersfield 1
TOP OF THE 7TH
Inland Empire 66ers batting - Pitching for Bakersfield Blaze : LHP Rentaro Minami
Pinch Hitting: RHB Josh Faulconer 0-0: Foul Ball, location: 2F
0-1: Ball
1-1: Swinging Strike
1-2: Ball
2-2: Ground out 4-3 (Groundball, 4, EV 91.9 MPH)
Batting: RHB Dean LeCroy 0-0: Ball
1-0: Ball
2-0: TRIPLE (Flyball, 89XD, EV 91.2 MPH)
Batting: LHB Justin Alexander 0-0: Called Strike
0-1: Foul Ball, location: 2F
0-2: SINGLE (Line Drive, 5D, EV 97.5 MPH)
Dean LeCroy scores
Batting: RHB Ryan Munro 0-0: Ball
1-0: Called Strike
1-1: Called Strike
1-2: Ball
2-2: Grounds into double play, 6-4-3 (Groundball, 6, EV 81.2 MPH)
Top of the 7th over - 1 run, 2 hits, 0 errors, 0 left on base; Inland Empire 4 - Bakersfield 1
BOTTOM OF THE 7TH
Bakersfield Blaze batting - Pitching for Inland Empire 66ers : RHP Josh Brewer
Pitching: RHP Danny Nava
Now at 1B: J.R. Roberts
Batting: SHB Detlef Oursler 0-0: Ball
1-0: Called Strike
1-1: Called Strike
1-2: Strikes out looking
Batting: RHB Jose Zuniga 0-0: Called Strike
0-1: Called Strike
0-2: Ball
1-2: Strikes out swinging
Batting: LHB Chris Jackson 0-0: Foul Ball, location: 2F
0-1: Called Strike
0-2: Foul Ball, location: 2F
0-2: Foul Ball, location: 2F
0-2: Ball
1-2: Strikes out swinging
Bottom of the 7th over - 0 runs, 0 hits, 0 errors, 0 left on base; Inland Empire 4 - Bakersfield 1
TOP OF THE 8TH
Inland Empire 66ers batting - Pitching for Bakersfield Blaze : LHP Rentaro Minami
Pitching: LHP Adam Parrish
Batting: RHB Oren Jones 0-0: Foul Ball, location: 2F
0-1: Swinging Strike
0-2: Ball
1-2: Foul Ball, location: 2F
1-2: Fly out, F7 (Flyball, 7D, EV 90.0 MPH)
Batting: SHB Mario Padron 0-0: Foul Ball, location: 2F
0-1: Called Strike
0-2: Ball
1-2: Ball
2-2: Ground out 5-3 (Groundball, 5S, EV 72.5 MPH)
Batting: RHB Ryuji Ito 0-0: Foul Ball, location: 2F
0-1: Foul Ball, location: 2F
0-2: Fly out, F9 (Flyball, 89D, EV 90.0 MPH)
Top of the 8th over - 0 runs, 0 hits, 0 errors, 0 left on base; Inland Empire 4 - Bakersfield 1
BOTTOM OF THE 8TH
Bakersfield Blaze batting - Pitching for Inland Empire 66ers : RHP Danny Nava
Pitching: RHP Troy Ingram
Now at 2B: Jose Pineda
Batting: RHB Jim Begger 0-0: Ball
1-0: Called Strike
1-1: Swinging Strike
1-2: Fly out, F8 (Flyball, 8LM, EV 90.6 MPH)
Batting: SHB Raghnall Ahearne 0-0: Ball
1-0: Called Strike
1-1: Foul Ball, location: 2F
1-2: Strikes out swinging
Batting: RHB Victor Ramirez 0-0: Ball
1-0: SINGLE (Groundball, 6D, EV 98.1 MPH)
Batting: RHB Kikuo Sato 0-0: Swinging Strike
0-1: Ball
1-1: Fly out, F7 (Line Drive, 78M, EV 104.4 MPH)
Bottom of the 8th over - 0 runs, 1 hit, 0 errors, 1 left on base; Inland Empire 4 - Bakersfield 1
TOP OF THE 9TH
Inland Empire 66ers batting - Pitching for Bakersfield Blaze : LHP Adam Parrish
Batting: LHB Griffin Ferris 0-0: Called Strike
0-1: Fly out, F9 (Line Drive, 9LM, EV 85.0 MPH)
Batting: RHB Timoleon Tsikouna 0-0: Called Strike
0-1: Foul Ball, location: 2F
0-2: Ball
1-2: Foul Ball, location: 2F
1-2: Foul Ball, location: 2F
1-2: Foul Ball, location: 2F
1-2: Strikes out looking
Batting: RHB J.R. Roberts 0-0: Ball
1-0: Swinging Strike
1-1: Foul Ball, location: 2F
1-2: Strikes out swinging
Top of the 9th over - 0 runs, 0 hits, 0 errors, 0 left on base; Inland Empire 4 - Bakersfield 1
BOTTOM OF THE 9TH
Bakersfield Blaze batting - Pitching for Inland Empire 66ers : RHP Troy Ingram
Pitching: RHP Eric Cunningham
Batting: RHB Enrique Valdez 0-0: Called Strike
0-1: Called Strike
0-2: Foul Ball, location: 2F
0-2: Foul Ball, location: 2F
0-2: Foul Ball, location: 2F
0-2: Ball
1-2: Ball
2-2: Ball
3-2: Strikes out swinging
Batting: LHB Taki Matsui 0-0: Ball
1-0: Called Strike
1-1: Ball
2-1: Swinging Strike
2-2: Ball
3-2: Strikes out swinging
Batting: SHB Detlef Oursler 0-0: Ball
1-0: Ball
2-0: Foul Ball, location: 2F
2-1: Foul Ball, location: 2F
2-2: Strikes out looking
Bottom of the 9th over - 0 runs, 0 hits, 0 errors, 0 left on base; Inland Empire 4 - Bakersfield 1
Wednesday, June 22nd , 2022 - OOTP Baseball 23.4 Build 64